 Dungeon Crawl Stone Soup version 0.20-a0-972-gb9bd3e6 (webtiles) character file.

11 M4edhros the Changer (level 2, -2/14 HPs)
             Began as a Spriggan Transmuter on Apr 9, 2017.
             Slain by an adder (5 damage)
             ... on level 2 of the Dungeon.
             The game lasted 00:02:56 (329 turns).

M4edhros the Changer (Spriggan Transmuter)           Turns: 329, Time: 00:02:57

Health: -2/14      AC:  2    Str:  6    XL:     2   Next: 17%
Magic:  5/6        EV: 18    Int: 14    God:
Gold:   42         SH:  0    Dex: 16    Spells: 5/6 levels left

rFire    . . .     SeeInvis +     - Unarmed
rCold    . . .     Gourm    .   (shield restricted)
rNeg     . . .     Faith    .   b - +0 robe
rPois    .         Spirit   .   (helmet restricted)
rElec    .         Reflect  .   (no cloak)
rCorr    .         Harm     .   (gloves unavailable)
MR       .....                  (boots unavailable)
Stlth    +.........             (no amulet)
Regen    0.1/turn               (no ring)
MPRegen  0.1/turn               (no ring)

@: appendage, hasted, very quick
A: unfitting armour, talons 3, see invisible, herbivore 3, speed 3, slow
metabolism 2
a: End Transformation


You were on level 2 of the Dungeon.
You were not hungry.
You had grown temporary talons.
You visited 1 branch of the dungeon, and saw 3 of its levels.

You collected 42 gold pieces.

Inventory:

Missiles
 a - 12 arrows
Armour
 b - a +0 robe (worn)
Scrolls
 e - 2 scrolls of teleportation {unknown}
 f - a scroll of remove curse {unknown}
 h - a scroll of recharging {unknown}
Books
 c - a book of Changes

   Spells                             Type                      Level
   a - Beastly Appendage              Transmutation                1
   b - Sticks to Snakes               Transmutation                2
   c - Spider Form                    Transmutation/Poison         3
   d - Ice Form                       Ice/Transmutation            4
   e - Blade Hands                    Transmutation                5
Comestibles
 d - 2 bread rations
 i - 4 fruits
 j - a royal jelly


   Skills:
 - Level 0.7 Fighting
 - Level 3.0 Dodging
 + Level 2.6 Unarmed Combat
 - Level 2.6 Spellcasting
 * Level 3.5 Transmutations


You had 5 spell levels left.
You knew the following spells:

 Your Spells              Type           Power        Failure   Level  Hunger
a - Beastly Appendage     Tmut           ##....       6%          1    #......


Dungeon Overview and Level Annotations

Branches:
Dungeon (3/15)

Altars:
Gozag


Innate Abilities, Weirdness & Mutations

You are very small and have problems with some larger weapons.
You are too small for most types of armour.
You have supernaturally acute eyesight. (SInv)
You are a herbivore.
You cover ground extremely quickly.
You need consume almost no food.
You have claws for feet.


Message History

You closely miss the kobold. The kobold hits you with a whip.
* * * LOW HITPOINT WARNING * * *
You barely miss the kobold. The kobold misses you.
You are too injured to fight recklessly!
The adder hisses angrily.
You hit the kobold.
You kill the kobold!
Things that are here:
a whip; a scroll labeled DUQAVV AGEJAHU
Casting: Beastly Appendage
Confirm with . or Enter, or press ? or * to list all spells.
Okay, then.
It was a potion of haste.
You feel yourself speed up.
Casting: Beastly Appendage
Confirm with . or Enter, or press ? or * to list all spells.
Your feet morph into talons.
You miss the adder. The adder barely misses you.
You barely miss the adder. You completely miss the adder.
Your kick misses the adder. The adder bites you.
You die...

#.............#...........
#....##.#..........#...##.
#..# #.#...###....#.#.##.#
.. #<#...###...........#
#)#............#.#### .....#
#.#..####.....##.#. .....#
#.#.. #...........
.....#.##.#..####S..........
................@....#####..
....##..............## .
...# #..####.%###.### ...#
#..####......###
...###...............
.........####.#######
...####..####.#
..............#
.######..######


You could see an adder.

Vanquished Creatures
  A dart slug (D:1)
  A leopard gecko (D:2)
  A ball python (D:2)
  2 hobgoblins
  3 kobolds
8 creatures vanquished.

Notes
Turn   | Place    | Note
-------+----------+-------------------------------------------
     0 | D:1      | M4edhros the Spriggan Transmuter began the quest for the Orb.
     0 | D:1      | Reached XP level 1. HP: 9/9 MP: 5/5
    53 | D:2      | Found an opulent altar of Gozag.
   175 | D:1      | Reached XP level 2. HP: 12/14 MP: 6/6
   329 | D:2      | Slain by an adder

Vault maps used:
D:1:      grunt_arrival_crossed_arrows
D:2:      kennysheep_goblin_castle,
          nicolae_gozag_cash_rules_everything_around_me
D:3:      first_bread

Skill      XL: |  1 |
---------------+----+-----
Transmutations | 3 |  3.5
Fighting       | |  0.7
Dodging        | |  3.0
Unarmed Combat | |  2.6
Spellcasting   | |  2.6

Action                   || total
-------------------------++-------
Melee: Unarmed           ||    57
       Headbutt          ||     1
 Cast: Beastly Appendage ||     3
  Use: Potion            ||     1
Armor: Robe              ||     7
Dodge: Dodged            ||    41
